 Dungeon Crawl Stone Soup version 0.29.1-12-g30fa7ad0bf (webtiles) character file.

Game seed: 4736954177073655663

170 Sanktem7 the Trooper (level 5, -4/48 HPs)
             Began as a Minotaur Fighter on Dec 16, 2022.
             Slain by a gnoll
             ... wielding a +0 whip
              (7 damage)
             ... on level 3 of the Dungeon.
             The game lasted 00:02:58 (1799 turns).

Sanktem7 the Trooper (Minotaur Fighter)             Turns: 1799, Time: 00:02:58

Health: -4/48      AC:  9    Str: 23    XL:     5   Next: 26%
Magic:  4/4        EV:  7    Int:  5    God:
Gold:   68         SH:  4    Dex:  9    Spells: 4/4 levels left

rFire   . . .      SeeInvis .   a - +0 war axe {axe}
rCold   . . .      Faith    .   c - +0 buckler
rNeg    . . .      Spirit   .   o - +0 chain mail
rPois   .          Reflect  .   (helmet restricted)
rElec   .          Harm     .   (no cloak)
rCorr   .          Rampage  .   (no gloves)
Will    .....                   (no boots)
Stlth   ..........              (no amulet)
HPRegen 0.16/turn               (no ring)
MPRegen 0.09/turn               (no ring)

@: no status effects
A: horns 2, retaliatory headbutt
a: no special abilities


You were on level 3 of the Dungeon.
You visited 1 branch of the dungeon, and saw 3 of its levels.

You collected 68 gold pieces.


Innate Abilities, Weirdness & Mutations

You have a pair of horns on your head.
You reflexively headbutt those who attack you in melee.


   Skills:
 * Level 5.4 Fighting
 * Level 4.6 Axes
 + Level 4.5 Armour
 - Level 3.6 Shields


You had 4 spell levels left.
You didn't know any spells.
Your spell library was empty.

Inventory:

Hand Weapons
 a - a +0 war axe (weapon) {axe}
Missiles
 b - 6 javelins {throwing}
 f - 12 poisoned darts (quivered) {throwing}
 l - 34 stones {throwing}
Armour
 c - a +0 buckler (worn)
 o - a +0 chain mail (worn)
   (You found it on level 2 of the Dungeon)
Scrolls
 e - a scroll of immolation {unknown}
 g - a scroll of acquirement {unknown}
 h - a scroll of identify {unknown}
 n - a scroll of noise {unknown}
Potions
 d - 2 potions of might
 i - a potion of berserk rage {unknown}
 j - a potion of flight {unknown}
 k - a potion of attraction {unknown}
 m - a potion of cancellation {unknown}

Dungeon Overview and Level Annotations

Branches:
Dungeon (3/15) Zot: 16158

Altars:

Shops:
D:1

[ #.# # #.# ####### #
#.# #.....# ######.#
####.....####
.......#####...........#
................)g......
#####.....)))...@g......
##.....!..)))...####....
##.#....####.#### .
...#.#.## #....
...#.#...........
...#.#...##......#
...#.#...##......#
##.#.#...........#
##.........


You could see 2 gnolls.


Message History

The orc shouts!
An orc comes into view. It is wielding a +0 club.
You see here a metallic cyan potion.
The orc shouts!
You hear a shout!
An orc comes into view. It is wielding a +0 flail.
An orc comes into view. It is wielding a +0 club.
A gnoll comes into view. It is wielding a +0 club.
The orc shouts! x2; You hear a shout!
The orc closely misses you. You furiously retaliate!
You headbutt the orc. You closely miss the orc. You headbutt the orc.
You kill the orc!
A gnoll comes into view. It is wielding a +0 spear.
You closely miss the orc. You headbutt the orc!
You kill the orc!
You have reached level 5! 😎 HP[+6] MP[+1]
You now have 48 max hp (+6).
Your hp is fully restored (48).
Your mp is fully restored (4).
A gnoll comes into view. It is wielding a +0 spear.
The orc hits you but does no damage. x2
Things that are here:
a +0 club {mace}; a +0 dagger {short} You hit the orc.
You closely miss the orc. The orc hits you but does no damage.
The orc barely misses you.
You slash the orc!
You kill the orc!
You hit the gnoll. You completely miss the orc. The gnoll barely misses you.
The gnoll hits you with a +0 club.
The orc hits you with a +0 flail. 😕 HP[-11]
You take 11 damage, and now have 37/48 hp.
MASSIVE DAMAGE!! (PAUSE)
You slash the orc!
You kill the orc!
You hit the gnoll. You block the gnoll's attack. The gnoll barely misses you.
You furiously retaliate!
You headbutt the gnoll.
The gnoll hits you from afar with a +0 spear.
The gnoll hits you but does no damage. 😮 HP[-3]
You take 3 damage, and now have 34/48 hp.
The gnoll hits you with a +0 spear. x2; The gnoll barely misses you.
You furiously retaliate!
You headbutt the gnoll, but do no damage.
Things that are here:
a +0 flail {mace}; a +0 ring mail; an orc corpse 😮 HP[-7]
You take 7 damage, and now have 27/48 hp.
You closely miss the gnoll. You headbutt the gnoll! You slash the gnoll!
You hit the gnoll. The gnoll completely misses you.
The gnoll hits you with a +0 club.
The gnoll hits you but does no damage. 😮 HP[-2]
You take 2 damage, and now have 25/48 hp.
You slash the gnoll!
You kill the gnoll!
You closely miss the gnoll. You hit the gnoll. The gnoll completely misses you.
The gnoll closely misses you. You furiously retaliate!
You headbutt the gnoll.
You kill the gnoll!
The gnoll hits you with a +0 spear!
* * * LOW HITPOINT WARNING * * *
You see here a +0 spear {polearm}. 😨 HP[-7]
You take 7 damage, and now have 18/48 hp.
You closely miss the gnoll. The gnoll hits you but does no damage.
The gnoll hits you with a +0 spear.
* * * LOW HITPOINT WARNING * * *
😨 HP[-5]
You take 5 damage, and now have 13/48 hp.
You hit the gnoll but do no damage. The gnoll hits you but does no damage.
You hit the gnoll.
You kill the gnoll! 😨 HP[+1]
A gnoll comes into view. It is wielding a +0 spear.
A gnoll is nearby!
The gnoll shouts!
The gnoll hits you but does no damage.
A gnoll comes into view. It is wielding a +0 whip.
The gnoll completely misses you.
You hit the gnoll. The gnoll hits you with a +0 spear.
* * * LOW HITPOINT WARNING * * *
The gnoll hits you with a +0 spear!
* * * LOW HITPOINT WARNING * * *
😱 HP[-9]
You take 9 damage, and now have 5/48 hp.
You barely miss the gnoll. You headbutt the gnoll.
The gnoll hits you but does no damage.
A gnoll comes into view. It is wielding a +0 whip.
You closely miss the gnoll.
The gnoll shouts!
You block the gnoll's attack.
You barely miss the gnoll. The gnoll hits you but does no damage.
The gnoll hits you with a +0 whip.
* * * LOW HITPOINT WARNING * * *
😱 HP[-3]
You take 3 damage, and now have 2/48 hp.
You hit the gnoll. You headbutt the gnoll. You hit the gnoll.
The gnoll closely misses you. x2 😱 HP[+1]
You hit the gnoll. x2
You kill the gnoll!
You barely miss the gnoll. The gnoll hits you with a +0 whip!
You die...

Skill      XL: |  1  2  3  4 |
---------------+-------------+-----
Fighting       | 4 5 |  5.4
Axes           | 3 4 |  4.6
Armour         | 4 |  4.5
Shields        | |  3.6

Action                   |  1- 3 |  4- 6 || total
-------------------------+-------+-------++-------
Melee: War axe           |    69 |    47 ||   116
       Headbutt          |     6 |     9 ||    15
Armor: Scale mail        |    31 |       ||    31
       Chain mail        |     4 |    32 ||    36
Dodge: Dodged            |    24 |    25 ||    49
Block: Buckler           |    16 |    10 ||    26

Levels and vault maps discovered:
D:1:      dreamdust_arrival_sigmund_warning, layout_loops_ring,
          ebering_ecumenical_altar_abandoned, serial_shops, shop
D:2:      layout_rooms, uniq_jessica
D:3:      layout_basic, mainiacjoe_overflow_cross_hatched

Notes
Turn   | Place    | Note
-------+----------+-------------------------------------------
     0 | D:1      | Sanktem7 the Minotaur Fighter began the quest for the Orb.
     0 | D:1      | Reached XP level 1. HP: 19/19 MP: 0/0
     0 | D:1      | magus.rc [v1.9.6]
   133 | D:1      | Found Faogish's Armour Shop.
   160 | D:1      | Reached XP level 2. HP: 17/27 MP: 1/1
   342 | D:1      | Reached skill level 4 in Fighting
   385 | D:1      | Found a faded altar of an unknown god.
   397 | D:1      | Reached skill level 3 in Axes
   618 | D:1      | You fall into a shaft and drop 1 floor!
   777 | D:2      | Reached XP level 3. HP: 33/33 MP: 2/2
   797 | D:2      | Reached skill level 4 in Armour
  1305 | D:2      | Noticed Jessica
  1310 | D:2      | Killed Jessica
  1328 | D:2      | Reached XP level 4. HP: 41/41 MP: 3/3
  1509 | D:2      | Reached skill level 4 in Axes
  1614 | D:3      | Reached skill level 5 in Fighting
  1778 | D:3      | Reached XP level 5. HP: 48/48 MP: 4/4
  1794 | D:3      | HP: 12/48 [gnoll/+0 spear (3)]
  1794 | D:3      | HP: 5/48 [gnoll/+0 spear (7)]
  1797 | D:3      | HP: 2/48 [gnoll/+0 whip (3)]
  1799 | D:3      | Slain by a gnoll

Vanquished Creatures
  A jelly (D:3)
  Jessica (D:2)
  4 gnolls (D:3)
  2 adders (D:2)
  3 dart slugs
  5 orcs (D:3)
  8 endoplasms
  4 giant cockroaches
  4 goblins
  3 hobgoblins
  7 kobolds
  2 quokkas
  5 ball pythons
  2 bats
  2 frilled lizards
  4 rats
57 creatures vanquished.

Table legend:
 A = Non-vault XP
 B = Vault XP
 C = Vault XP percentage of total XP
 D = Non-vault monster count
 E = Vault monster count
 F = Vault count percentage of total count
                 A         B        C        D         E       F
            +---------+---------+-------+---------+---------+-------
      Total |     222 |      37 |  14.3 |      56 |       1 |   1.8
            +---------+---------+-------+---------+---------+-------
        D:1 |      32 |       0 |   0.0 |      17 |       0 |   0.0
        D:2 |      71 |      37 |  34.3 |      27 |       1 |   3.6
        D:3 |     119 |       0 |   0.0 |      12 |       0 |   0.0
            +---------+---------+-------+---------+---------+-------

Illustrated notes

Table legend:
 A = Kills in this place as a percentage of kills in entire the game.
 B = Kills by you in this place as a percentage of kills by you in the entire game.
 C = Kills by friends in this place as a percentage of kills by friends in the entire game.
 D = Other kills in this place as a percentage of other kills in the entire game.
 E = Experience gained in this place as a percentage of experience gained in the entire game.
 F = Experience gained in this place divided by the number of levels of this place that you have seen.
                   A       B       C       D       E      F
               +-------+-------+-------+-------+-------+----------------------
         Total | 100.0 | 100.0 |   N/A |   N/A | 100.0 |  86.3
       Dungeon | 100.0 | 100.0 |   N/A |   N/A | 100.0 |  86.3
               +-------+-------+-------+-------+-------+----------------------

Table legend: (Time is in decaauts)
 A = Elapsed time spent in this place.
 B = Non-inter-level travel time spent in this place.
 C = Inter-level travel time spent in this place.
 D = Time resting spent in this place.
 E = Time spent auto-exploring this place.
 F = Levels seen in this place.
 G = Mean time per level.
                   A        B        C        D        E       F      G
               +--------+--------+--------+--------+--------+-----+--------+
         Total |   1840 |   1775 |     65 |      0 |   1439 |   3 |  613.3 |
       Dungeon |   1840 |   1775 |     65 |      0 |   1439 |   3 |  613.3 |
               +--------+--------+--------+--------+--------+-----+--------+

Top non-repeatable levels by time:
     D:1: 921 daAuts
     D:2: 706 daAuts
     D:3: 212 daAuts
